 Dungeon Crawl Stone Soup version 0.29-a0-360-g8ed1089bbe (webtiles) character file.

Game seed: 10326535740546535626

95 Sweeb the Shield-Bearer (level 4, -3/34 (37) HPs)
             Began as a Formicid Fighter on Apr 29, 2022.
             Killed by divine providence
             ... invoked by an orc priest
              (15 damage)
             ... on level 3 of the Dungeon.
             The game lasted 00:02:20 (1651 turns).

Sweeb the Shield-Bearer (Formicid Fighter)          Turns: 1651, Time: 00:02:20

HP:   -3/34 (37)    AC:  9    Str: 20    XL:     4   Next: 95%
MP:   4/4           EV:  7    Int:  8    God:
Gold: 147           SH:  5    Dex: 12    Spells: 3/3 levels left

rFire   . . .      SeeInvis +   a - +0 flail
rCold   . . .      Faith    .   c - +0 buckler
rNeg    . . .      Spirit   .   f - +0 chain mail
rPois   .          Reflect  .   (helmet unavailable)
rElec   .          Harm     .   (no cloak)
rCorr   .          Rampage  .   (no gloves)
Will    .....                   (no boots)
Stlth   ..........              (no amulet)
HPRegen 0.11/turn               (no ring)
MPRegen 0.09/turn               (no ring)

@: drained
A: permanent stasis, dig shafts and tunnels, antennae 3, four strong arms
a: Dig, Shaft Self


You were on level 3 of the Dungeon.
You visited 1 branch of the dungeon, and saw 3 of its levels.

You collected 147 gold pieces.

Inventory:

Hand Weapons
 a - a +0 flail (weapon)
Missiles
 e - a throwing net
Armour
 c - a +0 buckler (worn)
 f - a +0 chain mail (worn)
Scrolls
 i - 2 scrolls of enchant armour {unknown}
 j - a scroll of enchant weapon {unknown}
Potions
 b - 4 potions of resistance
 d - a potion of might
 g - 2 potions of mutation {unknown}
 h - 2 potions of curing {unknown}
 k - a potion of lignification {unknown}
 l - a potion of degeneration {unknown}


   Skills:
 + Level 3.8 Fighting
 * Level 3.1 Maces & Flails
 + Level 3.8 Armour
 * Level 4.6 Shields


You had 3 spell levels left.
You didn't know any spells.
Your spell library contained the following spells:

 Spells                   Type           Power      Damage    Failure   Level
 Portal Projectile        Hex/Tloc       0%         N/A       100%        3
 Blade Hands              Tmut           0%         N/A       100%        5
 Excruciating Wounds      Necr           0%         N/A       100%        5


Dungeon Overview and Level Annotations

Branches:
Dungeon (3/15)

Altars:

Shops:
D:1 [   D:2 =


Innate Abilities, Weirdness & Mutations

You cannot be hasted, slowed, berserked, paralysed or teleported.
You can dig through walls and to a lower floor.
You have a pair of large antennae on your head. (SInv)
Your four strong arms can wield two-handed weapons with a shield.


Message History

You barely miss the orc priest.
The orc priest mumbles some strange prayers to Beogh against you.
Beogh smites you!
You hit the orc priest but do no damage.
The orc priest hits you but does no damage.
You sock the orc priest!
The orc priest is severely wounded.
The orc priest mumbles some strange prayers to Beogh against you.
Beogh smites you!
You extend your mandibles.
You dig through the rock wall.
You feel drained.
The orc priest attacks as you move away!
The orc priest closely misses you.
You dig through the rock wall.
You feel drained.
Found a stone staircase leading down.
You dig through the rock wall.
You feel drained.
The orc priest attacks as you move away!
The orc priest hits you with a +0 hand axe.
You retract your mandibles.
You hit the orc priest.
The orc priest is severely wounded.
The orc priest hits you but does no damage.
You closely miss the orc. The orc hits you with a +0 falchion.
You hit the orc.
The orc is almost dead.
The orc hits you but does no damage.
You sock the orc!
You kill the orc!
You block the orc priest's attack.
You sock the orc priest!
You kill the orc priest!
Your Maces & Flails skill increases to level 3!
You closely miss the orc priest. The orc priest barely misses you.
You sock the orc priest!
The orc priest is severely wounded.
You block the orc priest's attack. The orc priest hits you with a +0 club.
You barely miss the orc priest.
The orc priest is severely wounded.
The orc priest mumbles some strange prayers to Beogh against you.
Beogh smites you!
You die...

######.##.###.##.
#.........# #....
#.####.#########.
#.# #.......# #.
.######.#
####..#.####
>.......#####
#........
............#
#...###..
##o###o###.#...#.#
#@#.#...##.....#..
#.####.# #.#.).#.#
#......### ...##....
######.#.#.#......)#
##.#.#####.....
##.###.# ##.#.#
##.## #.####.#..
#.## ##.....###
##.## ##.###†....


You could see an orc priest.

Vanquished Creatures
  An orc priest (D:3)
  2 adders (D:2)
  2 dart slugs (D:1)
  An orc (D:3)
  2 bats
  2 endoplasms (D:1)
  2 giant cockroaches (D:1)
  4 goblins
  8 hobgoblins
  3 jackals (D:1)
  3 quokkas
  2 frilled lizards
  2 kobolds (D:1)
  6 rats
40 creatures vanquished.

Vanquished Creatures (others)
  3 demonic plants (D:3)
  2 fungi (D:3)
  3 plants (D:3)
  3 withered plants (D:3)
11 creatures vanquished.

Grand Total: 51 creatures vanquished

Notes
Turn   | Place    | Note
-------+----------+-------------------------------------------
     0 | D:1      | Sweeb the Formicid Fighter began the quest for the Orb.
     0 | D:1      | Reached XP level 1. HP: 18/18 MP: 1/1
   208 | D:1      | Found Tilug's Antique Armour Boutique.
   352 | D:1      | Reached XP level 2. HP: 22/24 MP: 2/2
   504 | D:1      | Reached skill level 4 in Shields
   516 | D:1      | Reached XP level 3. HP: 22/29 MP: 3/3
  1137 | D:2      | Reached XP level 4. HP: 36/36 MP: 4/4
  1336 | D:2      | Found Feakk's Jewellery Shoppe.
  1651 | D:3      | Killed from afar by an orc priest

Illustrated notes

Levels and vault maps discovered:
D:1:      evilmike_arrival_home_sweet_home, layout_loops_ring, serial_shops,
          shop, minmay_tromino_v4_a
D:2:      wad_crossroads, layout_basic, serial_shops, shop, lemuel_old_faithful
D:3:      layout_loops_ring, mainiacjoe_overflow_brackets,
          shapermc_ecumenical_altar_gd, serial_shops,
          nicolae_shop_bloodbath_and_beyond, biasface_ghost_orc_armoury,
          minmay_misc_feat_square, kennysheep_minor_cross, grunt_ministairs_3

Skill      XL: |  1  2  3  4 |
---------------+-------------+-----
Shields        | 4 |  4.6
Maces & Flails | 3 |  3.1
Fighting       | |  3.8
Armour         | |  3.8

Action                   |  1- 3 |  4- 6 || total
-------------------------+-------+-------++-------
Melee: Flail             |    94 |    30 ||   124
 Abil: Dig               |       |     1 ||     1
  Use: Scroll            |     2 |       ||     2
Armor: Chain mail        |    42 |    18 ||    60
       Scale mail        |     2 |       ||     2
Dodge: Dodged            |    34 |     8 ||    42
Block: Buckler           |    24 |     5 ||    29

Table legend: (Time is in decaauts)
 A = Elapsed time spent in this place.
 B = Non-inter-level travel time spent in this place.
 C = Inter-level travel time spent in this place.
 D = Time resting spent in this place.
 E = Time spent auto-exploring this place.
 F = Levels seen in this place.
 G = Mean time per level.
                   A        B        C        D        E       F      G
               +--------+--------+--------+--------+--------+-----+--------+
         Total |   1689 |   1600 |     89 |     46 |   1210 |   3 |  563.0 |
       Dungeon |   1689 |   1600 |     89 |     46 |   1210 |   3 |  563.0 |
               +--------+--------+--------+--------+--------+-----+--------+

Top non-repeatable levels by time:
     D:1: 898 daAuts
     D:2: 701 daAuts
     D:3: 90 daAuts
